Map: Dämmertürme

Players

GeneralReddy - Winner!

  • Race: Terran Terran
  • League: Diamond

VOD

Have the link to the VOD?

Description

avilo hellion banshee into mech

Time

  • Played on: Dec. 2, 2015, 6:50 p.m.
  • Length: 10:52
Show
View Real Time Build Order
Export as new Build Order

GeneralReddy Terran - Winner!

Build Orders: 1/1/1, Mech, Banshee Rush 

Get SALT Encoding   

  12  0:02  SCV  
  12  0:14  SCV  
  12  0:19  Supply Depot  
  12  0:26  SCV  
  12  0:40  SCV  
  12  0:43  Barracks  
  12  0:47  Refinery  
  12  0:52  SCV  
  12  1:04  SCV  
  12  1:06  Refinery  
  12  1:16  SCV  
  12  1:30  Orbital Command  
  12  1:31  Marine  
  12  1:33  Supply Depot  
  12  1:39  Factory  
  12  1:48  Marine  
  12  1:58  SCV  
  12  2:10  SCV  
  12  2:13  Marine  
  12  2:22  SCV  
  12  2:23  Hellion  
  12  2:24  Starport  
  12  2:28  Starport  
  12  2:36  SCV  
  12  2:38  Supply Depot  
  12  2:41  Marine  
  12  2:46  Factory Tech Lab  
  12  2:52  SCV  
  12  3:06  Viking  
  12  3:12  Banshee, Cloaking Field  
  12  3:15  SCV  
  12  3:22  Supply Depot  
  12  3:28  Hellion  
  12  3:30  SCV  
  12  3:42  Barracks Reactor  
  12  3:43  SCV, Viking  
  12  3:48  Supply Depot  
  12  4:04  Hellion  
  12  4:10  Supply Depot  
  12  4:12  Raven  
  12  4:17  SCV  
  12  4:27  Command Center  
  12  4:37  Viking  
  12  4:41  Supply Depot  
  12  4:44  Hellion  
  12  4:46  Hellion  
  12  4:54  Banshee  
  12  5:06  SCV  
  12  5:09  Hellion x2  
  12  5:13  Viking  
  12  5:22  SCV  
  12  5:30  Hellion x2  
  12  5:36  SCV  
  12  5:39  Banshee  
  12  5:45  Orbital Command  
  12  5:53  SCV  
  12  5:58  Hellion  
  12  5:59  Hellion  
  12  6:01  Viking  
  12  6:05  SCV  
  12  6:18  Command Center  
  12  6:20  SCV  
  12  6:21  SCV  
  12  6:30  Hellion x2  
  12  6:40  Supply Depot  
  12  6:44  Refinery  
  12  6:45  Refinery  
  12  6:53  Factory  
  12  6:55  Factory  
  12  7:01  Banshee, SCV x2  
  12  7:04  Armory  
  12  7:06  Supply Depot  
  12  7:09  Viking  
  12  7:12  Barracks Tech Lab  
  12  7:15  SCV  
  12  7:28  SCV x2, Hellion x2  
  12  7:30  Liberator, Orbital Command  
  12  7:38  Factory Tech Lab  
  12  7:40  SCV  
  12  7:44  SCV  
  12  7:50  Siege Tank  
  12  7:51  Orbital Command  
  12  7:52  SCV, Terran Vehicle Weapons Level 1  
  12  7:56  Supply Depot  
  12  7:59  SCV  
  12  8:04  SCV, Infernal Pre-Igniter  
  12  8:11  SCV  
  12  8:12  Supply Depot  
  12  8:16  SCV x2  
  12  8:19  Liberator, Hellbat x2  
  12  8:21  Siege Tank  
  12  8:26  Supply Depot  
  12  8:27  SCV  
  12  8:28  SCV x2  
  12  8:34  Viking  
  12  8:39  SCV  
  12  8:40  SCV  
  12  8:41  SCV  
  12  8:44  Supply Depot  
  12  8:48  Hellbat x2  
  12  8:50  Supply Depot  
  12  8:52  SCV x2  
  12  8:53  SCV  
  12  9:03  Refinery  
  12  9:04  SCV, Refinery  
  12  9:05  Siege Tank x2  
  12  9:07  Supply Depot  
  12  9:09  Starport Reactor  
  12  9:10  SCV x2  
  12  9:13  Supply Depot  
  12  9:16  SCV  
  12  9:18  Supply Depot, Hellbat  
  12  9:19  Hellbat  
  12  9:22  SCV  
  12  9:23  SCV  
  12  9:27  Command Center  
  12  9:32  Banshee  
  12  9:37  Siege Tank  
  12  9:39  SCV x2  
  12  9:41  SCV  
  12  9:49  Siege Tank  
  12  9:50  Hellbat  
  12  9:51  Hellbat  
  12  9:53  Viking  
  12  9:54  Viking  
  12  9:55  SCV  
  12  9:56  SCV  
  12  9:58  Supply Depot  
  12  10:02  Supply Depot  
  12  10:08  Supply Depot, SCV  
  12  10:10  Supply Depot  
  12  10:11  Siege Tank  
  12  10:20  Fusion Core, Hellbat  
  12  10:25  Supply Depot  
  12  10:28  Armory  
Tags
 
Composition
Mech
League
Diamond
Opening
1/1/1
Race
Terran
Strategy
Banshee Rush
Add a new tag
Caveats
  • Supply blocks, unpowered buildings, or Contaminate may cause inaccurate times.
  • Supply counts are checked every 10 seconds.